[Event "*** SCC Grand Prix: Titled Tuesday Blitz"]
[Site "Chess.com"]
[Date "2020.08.11"]
[Round "9"]
[White "Barmen_EV"]
[Black "tteshan"]
[Result "1-0"]
[WhiteElo "2405"]
[BlackElo "2232"]
[TimeControl "180+1"]
[EndTime "11:45:21 PDT"]
[Termination "Barmen_EV won by checkmate"]

1. d4 Nf6 2. c4 e6 3. Nc3 c5 4. e4 cxd4 5. f4 dxc3 6. bxc3 Nc6 7. Nf3 Bc5 8. Bd3 O-O 9. e5 h6 10. exf6 Qxf6 11. Bd2 d5 12. Qe2 b6 13. g4 dxc4 14. Bxc4 Bb7 15. g5 hxg5 16. fxg5 Qg6 17. Bd3 Qh5 18.
O-O-O Na5 19. Be4 Bxe4 20. Qxe4 Rac8 21. Ne5 Bd6 22. Nd7 Rc4 23. Qd3 Rfc8 24. Qxd6 Qg6 25. Ne5 Rxc3+ 26. Bxc3 Rxc3+ 27. Kb2 Qc2+ 28. Ka1 Rb3 29.
Qd8+ Kh7 30. g6+ fxg6 31. Qh4+ Kg8 32. Rd8# 1-0

[Event "*** SCC Grand Prix: Titled Tuesday Blitz"]
[Site "Chess.com"]
[Date "2020.08.11"]
[Round "9"]
[White "Isajevsky_Anton"]
[Black "mortngabriel"]
[Result "1-0"]
[WhiteElo "2615"]
[BlackElo "2462"]
[TimeControl "180+1"]
[EndTime "11:45:23 PDT"]
[Termination "Isajevsky_Anton won by checkmate"]

1. c4 e6 2. Nf3 Nf6 3. Nc3 d5 4.
e3 Nbd7 5. b3 c6 6. Bb2 Bd6 7. Qc2 O-O 8. Rg1 e5 9. cxd5 cxd5 10.
Nb5 Qe7 11. Rc1 e4 12. Nfd4 Bxh2 13. Rh1 Be5 14. Ba3 Qd8 15. Nf5 a6 16. Nc7 Ra7 17. Ne7+ Kh8 18. Ncxd5 Ra8 19. Be2 Nxd5 20. Nxd5 Re8 21.
Qxe4 g6 22. Qf3 Nf6 23. Bc4 Nd7 24. Qxf7 Nf6 25. Nxf6 Re7 26. Rxh7# 1-0

[Event "*** SCC Grand Prix: Titled Tuesday Blitz"]
[Site "Chess.com"]
[Date "2020.08.11"]
[Round "9"]
[White "WPWPWP-2015"]
[Black "Iskusnyh"]
[Result "0-1"]
[WhiteElo "2393"]
[BlackElo "2558"]
[TimeControl "180+1"]
[EndTime "11:45:23 PDT"]
[Termination "Iskusnyh won on time"]

1. e4 e6 2. d4 d5 3. Nc3 Nf6 4.
e5 Nfd7 5. f4 c5 6. Nf3 Nc6 7.
Be3 Rb8 8. Be2 Qa5 9. O-O b5 10. a3 b4 11. axb4 Qxb4 12. Qd2 cxd4 13. Nxd4 Nxd4 14.
Bxd4 Bc5 15. Bxc5 Qxc5+ 16. Kh1 O-O 17. Bd3 f5 18. Ne2 Rxb2 19. Ra5 Qb6 20. h3 Nc5 21.
Rfa1 Nb3 22. Qc3 Nxa1 23. Rxa1 Rb1+ 24. Rxb1 Qxb1+ 25. Kh2 Qb6 26. Qa3 Rf7 27. Ng3 a5 28. Nh5 Qb4 29. Qa2 Rc7 30. Ng3 Qxf4 31. Qxa5 Qxe5 32. Qb6 h5 33. Qb5 Bd7 34. Qb8+ Kh7 35. h4 Qf4 36. Qd8 Ra7 0-1

[Event "*** SCC Grand Prix: Titled Tuesday Blitz"]
[Site "Chess.com"]
[Date "2020.08.11"]
[Round "9"]
[White "chess94cu"]
[Black "ChessBitl"]
[Result "0-1"]
[WhiteElo "2581"]
[BlackElo "2458"]
[TimeControl "180+1"]
[EndTime "11:45:24 PDT"]
[Termination "ChessBitl won by resignation"]

1. d4 Nf6 2. c4 g6 3. Nc3 Bg7 4. e4 d6 5. Be2 O-O 6. Bg5 Nc6 7. Nf3 h6 8. Bc1 e5 9. d5 Ne7 10. O-O c6 11. Ne1 g5 12. Nd3 Ng6 13. Be3 Nf4 14. f3 cxd5 15. cxd5 a6 16. a4 N6h5 17. Rf2 f5 18.
Bf1 fxe4 19. fxe4 Nf6 20. h3 Bd7 21. Kh2 Qe8 22. g3 N4h5 23. Be2 Qg6 24. Qh1 g4 25. h4 Rac8 26. Raf1 Rxc3 27. bxc3 Nxe4 28. Rxf8+ Bxf8 29. Qg2 Nexg3 30. Rg1 Nxe2 31. Qxe2 g3+ 32. Kg2 Bg4 33.
Qd2 Qf5 34. Ne1 Bg7 35. Qd3 Bf3+ 36. Kf1 Be4+ 0-1

[Event "*** SCC Grand Prix: Titled Tuesday Blitz"]
[Site "Chess.com"]
[Date "2020.08.11"]
[Round "9"]
[White "Schandenfreude"]
[Black "Irishchessman16"]
[Result "0-1"]
[WhiteElo "2534"]
[BlackElo "2396"]
[TimeControl "180+1"]
[EndTime "11:45:24 PDT"]
[Termination "Irishchessman16 won on time"]

1. d4 f5 2. g3 Nf6 3. Bg2 g6 4. Nf3 Bg7 5. O-O O-O 6. c4 d6 7. Nc3 c6 8. d5 e5 9. dxe6 Bxe6 10. Qa4 Nbd7 11. Ng5 Re8 12. Nxe6 Rxe6 13. Rd1 Qb6 14.
Qc2 Ng4 15. e3 Nc5 16. b3 Ne4 17. Nxe4 fxe4 18. Bb2 Bxb2 19. Qxb2 Rf8 20. Rd2 Ref6 21. Rf1 d5 22. cxd5 cxd5 23. Qd4 Qxd4 24. Rxd4 Nxf2 25.
Rxd5 Ng4 26. Rxf6 Rxf6 27. Rd8+ Kg7 28. Rd7+ Rf7 29. Rxf7+ Kxf7 30. Bxe4 b6 31. Bd5+ Ke7 32. e4 Nf6 33. Ba8 Kd6 34. Kf2 Ke5 35. Kf3 Nd7 36.
h4 Nc5 37. Bd5 Nd3 38. Bg8 h6 39. Bf7 Kf6 40. Bd5 Nb4 41. Kf4 Nxa2 42. e5+ Ke7 43. e6 Nc3 44. Be4 Nxe4 0-1

[Event "*** SCC Grand Prix: Titled Tuesday Blitz"]
[Site "Chess.com"]
[Date "2020.08.11"]
[Round "9"]
[White "kasparicy"]
[Black "sergeikim"]
[Result "0-1"]
[WhiteElo "2340"]
[BlackElo "2459"]
[TimeControl "180+1"]
[EndTime "11:45:24 PDT"]
[Termination "sergeikim won by resignation"]

1. e4 e5 2. Nf3 Nc6 3. Bc4 Bc5 4.
c3 Nf6 5. d3 d6 6. Bb3 a6 7.
Nbd2 Ba7 8. h3 O-O 9. Nf1 Nh5 10.
Ng3 Nxg3 11. fxg3 Be6 12. Bc2 h6 13. Qe2 f5 14. exf5 Bxf5 15. Be3 Bxe3 16. Qxe3 d5 17. g4 Bh7 18. O-O-O Qd6 19. g5 h5 20. g4 d4 21. Qe2 dxc3 22. Bb3+ Kh8 23. gxh5 cxb2+ 24. Kb1 Bf5 25. Kxb2 a5 26. h6 a4 27. hxg7+ Kxg7 28.
Bc4 b5 29. Bxb5 Rab8 30. d4 Qb4+ 31. Ka1 Rxb5 32. dxe5 Qc3+ 0-1

[Event "*** SCC Grand Prix: Titled Tuesday Blitz"]
[Site "Chess.com"]
[Date "2020.08.11"]
[Round "9"]
[White "Sesleria"]
[Black "ethylalcohol"]
[Result "1-0"]
[WhiteElo "1975"]
[BlackElo "2170"]
[TimeControl "180+1"]
[EndTime "11:45:24 PDT"]
[Termination "Sesleria won by checkmate"]

1. e4 e6 2. d4 d5 3. Nc3 Nf6 4. e5 Nfd7 5. f4 c5 6. Nf3 Nc6 7. Be3 cxd4 8. Nxd4 Qb6 9. Na4 Qa5+ 10. c3 Nxd4 11.
Bxd4 b5 12. Bd3 bxa4 13. Qg4 g6 14. h4 Bc5 15. O-O a3 16. b4 Bxd4+ 17. cxd4 Qxb4 18. f5 Nxe5 19. Bb5+ Kf8 20. Qf4 Qxb5 21. Qxe5 Kg8 22.
Rab1 Qd7 23. Rbc1 exf5 24. Rfe1 Ba6 25. Rc7 Qb5 26. h5 Rf8 27. h6 f6 28. Rg7# 1-0

[Event "*** SCC Grand Prix: Titled Tuesday Blitz"]
[Site "Chess.com"]
[Date "2020.08.11"]
[Round "9"]
[White "okriak"]
[Black "aa175"]
[Result "0-1"]
[WhiteElo "2730"]
[BlackElo "2494"]
[TimeControl "180+1"]
[EndTime "11:45:25 PDT"]
[Termination "aa175 won by resignation"]

1. e4 c5 2. Nf3 d6 3. d4 cxd4 4. Nxd4 Nf6 5. Nc3 a6 6. h3 e6 7. g4 b5 8. Bg2 Bb7 9. O-O Qc7 10.
Re1 Be7 11. a4 b4 12. Na2 O-O 13. g5 Nfd7 14. Nxb4 d5 15. c3 dxe4 16. Bxe4 Bxe4 17. Rxe4 Qb7 18. Qf3 Bxb4 19. cxb4 Qxb4 20. Nxe6 fxe6 21. Qg4 Qe7 22. Rxe6 Qf7 23. Be3 a5 24. Rd1 h5 25.
gxh6 Nf6 26. Qg2 Ra6 27. Re5 Nfd7 28. hxg7 Re8 29. Rg5 Ne5 30. f4 Nc4 31. Bd4 Rd6 32. Rh5 Qxh5 0-1

[Event "*** SCC Grand Prix: Titled Tuesday Blitz"]
[Site "Chess.com"]
[Date "2020.08.11"]
[Round "9"]
[White "profofchess"]
[Black "Zarinur"]
[Result "1-0"]
[WhiteElo "2389"]
[BlackElo "2143"]
[TimeControl "180+1"]
[EndTime "11:45:25 PDT"]
[Termination "profofchess won by checkmate"]

1. e4 e5 2. Nf3 Nc6 3. Nc3 Nf6 4. Bb5 Bd6 5. d3 h6 6. a3 a6 7. Ba4 Bc5 8. Be3 Bxe3 9. fxe3 b5 10. Bb3 d6 11.
O-O O-O 12. Nh4 Be6 13. Nf5 Kh7 14. Qf3 Bxb3 15. cxb3 Nd7 16. d4 exd4 17. exd4 Na5 18. Nd5 c6 19. Nf4 Nf6 20. Rae1 d5 21. e5 Ne4 22. Rxe4 dxe4 23. Qxe4 g6 24. Nd6 Qg5 25. h4 Qg4 26. h5 Nxb3 27. Nxf7 Rxf7 28. hxg6+ Kg7 29.
gxf7 Kh8 30. Ng6+ Kg7 31. Qxg4 Kh7 32. Ne7 Rf8 33. Qg8+ Rxg8 34. fxg8=Q# 1-0

[Event "*** SCC Grand Prix: Titled Tuesday Blitz"]
[Site "Chess.com"]
[Date "2020.08.11"]
[Round "9"]
[White "djano"]
[Black "Evgeny81"]
[Result "0-1"]
[WhiteElo "2417"]
[BlackElo "2694"]
[TimeControl "180+1"]
[EndTime "11:45:26 PDT"]
[Termination "Evgeny81 won on time"]

1. d4 Nf6 2. Bf4 d6 3. Nf3 g6 4. Nc3 Bg7 5. Qd2 O-O 6. Bh6 c5 7. Bxg7 Kxg7 8. e4 Bg4 9. O-O-O cxd4 10. Qxd4 Bxf3 11. gxf3 Nc6 12. Qe3 Qa5 13. h4 h5 14.
Kb1 Rac8 15. Rg1 Ne5 16. f4 Neg4 17. Qe1 Rxc3 18. Qxc3 Qxc3 19. bxc3 Nxf2 20. Rd4 N2xe4 21. Kb2 e6 22. c4 Rd8 23. Bg2 Nc5 24. Rgd1 Ne8 25.
Kc1 Kf6 26. c3 Ke7 27. Kc2 Ng7 28. Bh3 b6 29. Re1 Rc8 30. Red1 Ne8 31. Re1 Nd7 32. Red1 Rc5 33. a3 Ra5 34. Kb2 Nc5 35. Ka2 Nd7 36. Kb2 Nb8 37. Ka2 Rc5 38. Kb2 Nc6 39. Re4 Nf6 40.
Re2 Rxc4 41. f5 gxf5 42. Bxf5 Rxh4 43. Bc2 Ne5 0-1

[Event "*** SCC Grand Prix: Titled Tuesday Blitz"]
[Site "Chess.com"]
[Date "2020.08.11"]
[Round "9"]
[White "SanchezKelvin"]
[Black "MYMChessAcademy"]
[Result "1-0"]
[WhiteElo "2344"]
[BlackElo "2125"]
[TimeControl "180+1"]
[EndTime "11:45:26 PDT"]
[Termination "SanchezKelvin won by checkmate"]

1. d4 Nf6 2. c4 g6 3. Nc3 Bg7 4.
Nf3 O-O 5. e4 d6 6. Be2 e5 7.
O-O Nc6 8. d5 Ne7 9. Ne1 Nd7 10.
Nd3 f5 11. f3 f4 12. Bd2 g5 13. Rc1 h5 14. h3 Nb6 15. Nf2 Rf6 16. b4 Rg6 17. c5 dxc5 18. bxc5 Nd7 19. Nb5 a6 20. Nxc7 Qxc7 21. d6 Qd8 22. Bc4+ Kh8 23. dxe7 Qxe7 24. Bd5 Nxc5 25. Bb4 Be6 26. Bxc5 Qe8 27.
Bxe6 Qxe6 28. Qd5 Qc8 29. Ba3 Qe8 30. Rc7 Rc8 31. Qxb7 Rxc7 32. Qxc7 g4 33. hxg4 hxg4 34. Nxg4 Qe6 35. Qd8+ Kh7 36. Rd1 Rxg4 37. fxg4 Qxg4 38. Rd3 f3 39. Rxf3 Qxe4 40. Rh3+ Bh6 41. Qe7+ Kg8 42. Qe6+ Kh8 43. Qxh6+ Kg8 44. Rg3+ Kf7 45. Rg7+ Ke8 46. Qh8# 1-0

[Event "*** SCC Grand Prix: Titled Tuesday Blitz"]
[Site "Chess.com"]
[Date "2020.08.11"]
[Round "9"]
[White "UCantHandleDenker"]
[Black "TokChess"]
[Result "1-0"]
[WhiteElo "2568"]
[BlackElo "2398"]
[TimeControl "180+1"]
[EndTime "11:45:27 PDT"]
[Termination "UCantHandleDenker won by resignation"]

1. Nf3 Nf6 2. g3 g6 3. Bg2 Bg7 4. O-O O-O 5. d3 d5 6. Nbd2 c5 7.
e4 Nc6 8. Re1 e6 9. c3 b6 10. a3 Qd7 11. e5 Ne8 12. d4 Nc7 13. h4 a5 14. Nf1 a4 15. h5 cxd4 16. cxd4 Na5 17. h6 Bh8 18. Bg5 Nb3 19. Rb1 Nb5 20.
Ne3 f5 21. exf6 Bxf6 22. Bxf6 Rxf6 23. Ng4 Rf8 24. Nge5 Qd8 25. Qd3 Qe8 26. Rbd1 Nd6 27. Ng5 Nf5 28. Bh3 Nxh6 29. Kg2 Nf5 30. Bxf5 Rxf5 31. f4 Ra7 32. Qc3 h6 33. Ngf3 Qd8 34. Nxg6 Rc7 35. Qd3 Kg7 36. Nge5 Qe8 37. Re2 Rf6 38.
Rc2 Qd8 39. Re1 Ba6 40. Rxc7+ Qxc7 41. Qxa6 Qc2+ 42. Re2 Qf5 43. Qb7+ Kh8 44. Qc8+ Rf8 45. Qxf8+ Qxf8 46. Ng6+ 1-0

[Event "*** SCC Grand Prix: Titled Tuesday Blitz"]
[Site "Chess.com"]
[Date "2020.08.11"]
[Round "9"]
[White "icychess54"]
[Black "zajka-molotok"]
[Result "1-0"]
[WhiteElo "2245"]
[BlackElo "2360"]
[TimeControl "180+1"]
[EndTime "11:45:28 PDT"]
[Termination "icychess54 won by resignation"]

1. c4 c6 2. Nf3 d5 3. e3 Nf6 4. Nc3 g6 5. Be2 Bg7 6. O-O O-O 7. b3 Ne4 8. Bb2 Nxc3 9. Bxc3 Bxc3 10. dxc3 Bf5 11. cxd5 cxd5 12. Nd4 Bd7 13. Bf3 e5 14. Bxd5 exd4 15. Bxb7 Bc6 16. Bxa8 Bxa8 17. cxd4 Qg5 18. g3 Nd7 19. Qd3 Nf6 20. f3 Qh5 21. e4 Re8 22. d5 Qh3 23. Rac1 h5 24. Qd4 Nd7 25. Rc7 h4 26.
Qf2 Ne5 27. g4 a5 28. Qg2 Qxg2+ 29. Kxg2 Nd3 30. Rd1 Nf4+ 31. Kf2 Rd8 32. Rdc1 Kg7 33. Rc8 Rd7 34. Rxa8 Nd3+ 35. Ke3 Nxc1 36. Rxa5 Rc7 37.
Kd2 h3 38. d6 Rc6 39. d7 Rd6+ 40. Rd5 Rxd7 41. Rxd7 Nxa2 42. Rd4 Kf6 43. Ra4 1-0

[Event "*** SCC Grand Prix: Titled Tuesday Blitz"]
[Site "Chess.com"]
[Date "2020.08.11"]
[Round "9"]
[White "AnonymousIM2023"]
[Black "Zkid"]
[Result "0-1"]
[WhiteElo "2661"]
[BlackElo "2849"]
[TimeControl "180+1"]
[EndTime "11:45:29 PDT"]
[Termination "Zkid won by resignation"]

1. d4 d5 2. c4 dxc4 3. Nf3 Nf6 4. e3 e6 5. Bxc4 c5 6. O-O a6 7. a4 Nc6 8. Nc3 Be7 9. Qe2 O-O 10. Rd1 Qc7 11.
b3 Na5 12. Bb2 cxd4 13. exd4 b6 14. Rac1 Bb7 15. d5 Nxc4 16. bxc4 Bc5 17. Ne4 Nxe4 18. Qxe4 exd5 19. cxd5 Qd6 20. a5 Rac8 21. axb6 Qxb6 22.
Rb1 Bxf2+ 23. Kh1 Rfe8 24. Qf4 Be3 25. Qg3 Qg6 26. Qxg6 hxg6 27. d6 Rcd8 28. Ne5 Bf4 29. Nc4 Re2 30. Rg1 Bd5 31. Nb6 Be4 32. Rbf1 Be3 33.
Nc4 Bxg1 34. Rxg1 Bd5 35. Nb6 Rxd6 36. Nxd5 Rxd5 37. Bc3 Rc2 38. Bb4 a5 39. Be7 Re2 40.
Ba3 Red2 0-1

[Event "*** SCC Grand Prix: Titled Tuesday Blitz"]
[Site "Chess.com"]
[Date "2020.08.11"]
[Round "9"]
[White "PowerThinking2650"]
[Black "peixe64"]
[Result "1-0"]
[WhiteElo "2441"]
[BlackElo "2305"]
[TimeControl "180+1"]
[EndTime "11:45:29 PDT"]
[Termination "PowerThinking2650 won on time"]

1. e4 e5 2. Nf3 Nc6 3. Nc3 Nf6 4. d4 exd4 5. Nxd4 Bb4 6. Nxc6 bxc6 7. Bd3 d5 8. exd5 cxd5 9. O-O O-O 10. Bg5 c6 11. Qf3 Be7 12. Rae1 Be6 13. Ne2 Bg4 14. Qg3 Bxe2 15. Rxe2 Ne4 16. Bxe4 Bxg5 17. Bd3 g6 18. Rfe1 Bf6 19. b3 Rc8 20. Re3 c5 21. Bf5 Ra8 22. Rd3 Re8 23. Red1 Qb8 24. Qxb8 Rexb8 25. Bg4 Rd8 26.
Rxd5 Rxd5 27. Rxd5 Re8 28. g3 Re1+ 29. Kg2 c4 30.
bxc4 Rc1 31. Rd2 Bc3 32. Rd7 Rxc2 33. Bf3 Bb4 34. Bd5 Bc5 35. Rxf7 Kh8 36. a4 a5 37. h4 Ra2 38. g4 Rxa4 39. h5 gxh5 40. gxh5 Ra2 41. h6 Re2 42. Kf1 1-0

[Event "*** SCC Grand Prix: Titled Tuesday Blitz"]
[Site "Chess.com"]
[Date "2020.08.11"]
[Round "9"]
[White "FMOlexandrProhorov"]
[Black "allvim"]
[Result "0-1"]
[WhiteElo "2143"]
[BlackElo "2376"]
[TimeControl "180+1"]
[EndTime "11:45:32 PDT"]
[Termination "allvim won by resignation"]

1. Nf3 Nf6 2. c4 e6 3. Nc3 d5 4.
d4 Be7 5. Bf4 a6 6. e3 O-O 7. Rc1 dxc4 8. Bxc4 b5 9. Bd3 Bb7 10.
O-O Nbd7 11. Qe2 c5 12. Rfd1 cxd4 13. exd4 Nb6 14. Bb1 Nbd5 15. Bg3 Rc8 16. Ne4 Ba8 17. Rxc8 Qxc8 18. a3 Nxe4 19. Qxe4 Nf6 20. Qe2 Rd8 21. Bh4 Qb7 22. h3 Nd5 23. Bxe7 Qxe7 24. Qe4 Nf6 25. Qf4 Qb7 26. Qg3 Qd5 27. Rc1 Qb3 28. Qc7 Rf8 29.
Qc3 Qd5 30. b4 Qh5 31. Qe3 h6 32. Rc7 Nd5 33. Qe2 Nxc7 34. Ba2 Bd5 35. Bb1 Rd8 36. Qe3 Bxf3 37. gxf3 Qg5+ 38. Qxg5 hxg5 0-1

[Event "*** SCC Grand Prix: Titled Tuesday Blitz"]
[Site "Chess.com"]
[Date "2020.08.11"]
[Round "9"]
[White "DonBroca"]
[Black "QueenOfTactics90"]
[Result "1/2-1/2"]
[WhiteElo "2096"]
[BlackElo "1944"]
[TimeControl "180+1"]
[EndTime "11:45:32 PDT"]
[Termination "Game drawn by repetition"]

1. e4 c5 2. Nf3 Nc6 3. d4 cxd4 4. Nxd4 g6 5. c4 Bg7 6. Be3 Nf6 7. Nc3 O-O 8. f3 d6 9. Be2 Bd7 10.
O-O Nxd4 11. Bxd4 Bc6 12. b3 a5 13.
Nd5 Bxd5 14. exd5 Nd7 15. Bxg7 Kxg7 16. Qd4+ f6 17. f4 Qb6 18. Qxb6 Nxb6 19. Rfe1 Rac8 20. Bg4 Rc7 21. Re6 f5 22. Be2 Rf6 23. Rxf6 Kxf6 24. Kf2 Nd7 25. Bd3 Nc5 26. Bc2 e6 27. dxe6 Nxe6 28.
Rd1 Rc6 29. g3 Nc5 30. Kf3 b6 31. Rd5 Nb7 32. Bd1 Rc5 33. Rxc5 dxc5 34. Ke3 Nd6 35. Bf3 h6 36. h3 g5 37. g4 fxg4 38. hxg4 gxf4+ 39. Kxf4 Nf7 40. Bd5 Nd6 41. a4 Nc8 42. Bb7 Nd6 43.
Bd5 Nc8 44. Ba8 Nd6 45. Bd5 1/2-1/2

[Event "*** SCC Grand Prix: Titled Tuesday Blitz"]
[Site "Chess.com"]
[Date "2020.08.11"]
[Round "9"]
[White "MF1966Idrisov"]
[Black "esrosenberg"]
[Result "1-0"]
[WhiteElo "2385"]
[BlackElo "2185"]
[TimeControl "180+1"]
[EndTime "11:45:33 PDT"]
[Termination "MF1966Idrisov won on time"]

1. Nf3 Nf6 2. b3 g6 3. Bb2 Bg7 4. c4 b6 5. g3 Bb7 6. Bg2 c5 7. O-O h5 8. d4 cxd4 9. Nxd4 Bxg2 10. Kxg2 h4 11. Nc3 h3+ 12. Kg1 Qc8 13. Nd5 Qb7 14.
Nxf6+ Bxf6 15. f3 Nc6 16. Rb1 Nxd4 17. Bxd4 Bxd4+ 18. Qxd4 O-O-O 19. Qf4 f6 20. Rfd1 g5 21. Qf5 Qc6 22. Rd4 e6 23. Qxf6 Rdf8 24. Qxg5 Rf5 25.
Qe3 Rhf8 26. Rf1 a5 27. Re4 a4 28. bxa4 Qxa4 29. Qxb6 Qa8 30. Qe3 Kc7 31. Rd1 Qc6 32. Red4 R8f7 33. c5 Rxc5 34. Qa3 1-0

[Event "*** SCC Grand Prix: Titled Tuesday Blitz"]
[Site "Chess.com"]
[Date "2020.08.11"]
[Round "9"]
[White "TigrVShlyape"]
[Black "binbin239"]
[Result "1-0"]
[WhiteElo "2844"]
[BlackElo "2552"]
[TimeControl "180+1"]
[EndTime "11:45:34 PDT"]
[Termination "TigrVShlyape won by resignation"]

1. d4 Nf6 2. Nf3 g6 3. c3 Bg7 4.
Bg5 d5 5. Nbd2 O-O 6. e3 c5 7. Be2 Nc6 8. O-O b6 9. a4 Bb7 10. Qb3 Qd7 11. Rfd1 Rfe8 12. Ne5 Nxe5 13. dxe5 Ng4 14.
Nf3 Nxe5 15. Nxe5 Bxe5 16. Bb5 Qg4 17. f4 d4 18. Qc2 dxe3 19. Qe2 Qxe2 20. Bxe2 Bd6 21.
Rd3 c4 22. Rdd1 Rac8 23. Bh6 f6 24. Rd4 Ba6 25. Rad1 Kf7 26. Kf1 b5 27. axb5 Bxb5 28. f5 Bxh2 29. Bxe3 Be5 30. Rd5 Bc6 31. Ra5 Kg7 32.
fxg6 hxg6 33. Rxa7 Rb8 34. Rd2 Rb7 35. Rxb7 Bxb7 36. Bxc4 Bc6 37. Kf2 Rh8 38. Bd5 Bb5 39. c4 Ba4 40. b4 Bc3 41. Ra2 Be8 42. b5 Bf7 43. Bxf7 Kxf7 44. b6 Rb8 45. c5 Be5 46. c6 g5 47. c7 Rc8 48. b7 1-0

[Event "*** SCC Grand Prix: Titled Tuesday Blitz"]
[Site "Chess.com"]
[Date "2020.08.11"]
[Round "9"]
[White "Supernotar"]
[Black "RaunakSadhwani2005"]
[Result "0-1"]
[WhiteElo "2707"]
[BlackElo "2947"]
[TimeControl "180+1"]
[EndTime "11:45:35 PDT"]
[Termination "RaunakSadhwani2005 won on time"]

1. d4 Nf6 2. c4 Nc6 3. Nf3 e6 4. a3 d6 5. Nc3 g6 6. g3 Bg7 7. Bg2 O-O 8. O-O e5 9. d5 Ne7 10. e4 a5 11. Ne1 Nd7 12. Nd3 f5 13. f4 exf4 14. Nxf4 Ne5 15. Qe2 c6 16. Kh1 fxe4 17. Nxe4 Nf5 18. Rd1 Qe7 19. Ne6 Bxe6 20. dxe6 Qxe6 21. Bf4 Qxc4 22. Qd2 d5 23. Rac1 Qb5 24. Nc3 Qb6 25. Nxd5 Qd8 26. Bg5 Qd6 27. Ne7+ Kh8 28. Qxd6 Nxd6 29. Rxd6 Rf2 30. Rcd1 Raf8 31. Rd8 Ng4 32. Kg1 Rf7 33. h3 Ne5 34. Kh2 h6 35. Rxf8+ Bxf8 36. Bf4 Rxe7 37. Rd8 Kg7 38. Bxh6+ Kxh6 39. Rxf8 Nd3 40. b3 Re2 41. Kg1 Rb2 42. Rf7 Rxb3 43.
Be4 Ne5 44. Re7 Nc4 45. Kf2 Rb2+ 46. Kf1 Nd2+ 0-1

[Event "*** SCC Grand Prix: Titled Tuesday Blitz"]
[Site "Chess.com"]
[Date "2020.08.11"]
[Round "9"]
[White "Leonid_Starozhilov"]
[Black "Guenplen"]
[Result "0-1"]
[WhiteElo "2699"]
[BlackElo "2875"]
[TimeControl "180+1"]
[EndTime "11:45:35 PDT"]
[Termination "Guenplen won by resignation"]

1. b3 d5 2. Bb2 Bf5 3. Nf3 e6 4. e3 h6 5. d4 Nf6 6. Bd3 Ne4 7. O-O Nd7 8. c4 c6 9. Nc3 Bd6 10. Qc2 Nxc3 11. Bxc3 Bxd3 12. Qxd3 Nf6 13. Nd2 O-O 14.
Rfe1 Qb8 15. h3 b5 16. e4 Bf4 17. e5 Bxd2 18. Bxd2 dxc4 19. Qg3 Ne8 20. bxc4 Kh8 21. Rab1 Qd8 22. cxb5 cxb5 23. Bb4 Rg8 24. Red1 Qd5 25. Bc5 a6 26. a4 bxa4 27. Qa3 Nc7 28. Qxa4 Nb5 29.
Qa5 Rgc8 30. Ra1 Kh7 31. Qb4 Qe4 32. Re1 Qf5 33. Rad1 Nc7 34. Rd3 Qxd3 35. Re3 Qd1+ 36. Kh2 Nd5 37. Qb3 Qxb3 0-1

[Event "*** SCC Grand Prix: Titled Tuesday Blitz"]
[Site "Chess.com"]
[Date "2020.08.11"]
[Round "9"]
[White "TurboSteen"]
[Black "Resignify"]
[Result "0-1"]
[WhiteElo "2004"]
[BlackElo "2201"]
[TimeControl "180+1"]
[EndTime "11:45:35 PDT"]
[Termination "Resignify won on time"]

1. e4 d6 2. d4 Nf6 3. Nc3 g6 4. Bf4 c6 5. Qd2 Qa5 6. O-O-O b5 7. Bd3 Nbd7 8. Nf3 b4 9. Nb1 Qxa2 10. e5 Nd5 11.
exd6 Nxf4 12. Qxf4 exd6 13. Rhe1+ Kd8 14. Ng5 Bh6 15.
Nxf7+ Qxf7 16. Qxh6 Kc7 17. Qg5 Nf6 18. Re3 Nd5 19. Bc4 Re8 20. Rxe8 Qxe8 21. Bxd5 cxd5 22. Qxd5 Bb7 23. Qc4+ Qc6 24. Qxc6+ Bxc6 25. f3 Re8 26. Kd2 Bd5 27. Re1 Rxe1 28. Kxe1 a5 29. Kd2 a4 30. c4 Bxc4 0-1

[Event "*** SCC Grand Prix: Titled Tuesday Blitz"]
[Site "Chess.com"]
[Date "2020.08.11"]
[Round "9"]
[White "Volodar_Murzin"]
[Black "M1711"]
[Result "1-0"]
[WhiteElo "2680"]
[BlackElo "2464"]
[TimeControl "180+1"]
[EndTime "11:45:36 PDT"]
[Termination "Volodar_Murzin won on time"]

1. e4 e5 2. Nf3 Nc6 3. Bb5 a6 4.
Ba4 Nf6 5. O-O Be7 6. d3 b5 7.
Bb3 d6 8. a3 O-O 9. Nc3 Nb8 10.
h3 Nbd7 11. Be3 c5 12. Nd2 Bb7 13. f4 exf4 14. Bxf4 Nb6 15. Qe2 Qd7 16. Ba2 b4 17. Nd1 Rae8 18. Ne3 Bd8 19. axb4 cxb4 20. Qf2 d5 21. e5 Nh5 22. Bh2 d4 23. Nf5 Bg5 24. Rae1 Qc6 25. Nxd4 Qg6 26. N2f3 Bf4 27. g4 Bxh2+ 28.
Kxh2 Nf4 29. Nh4 Qh6 30. Qxf4 Qxh4 31. Nf5 Qd8 32. Qxb4 Qc7 33. Qc3 Qd7 34. e6 fxe6 35.
Bxe6+ Rxe6 36. Rxe6 Nd5 37. Qe5 1-0

[Event "*** SCC Grand Prix: Titled Tuesday Blitz"]
[Site "Chess.com"]
[Date "2020.08.11"]
[Round "9"]
[White "carlsen1001"]
[Black "Legendinunknown"]
[Result "0-1"]
[WhiteElo "2419"]
[BlackElo "2600"]
[TimeControl "180+1"]
[EndTime "11:45:37 PDT"]
[Termination "Legendinunknown won by resignation"]

1. Nf3 Nf6 2. c4 g6 3. Nc3 Bg7 4. d4 d6 5. g3 O-O 6. Bg2 c5 7.
d5 e6 8. O-O exd5 9. cxd5 a6 10.
a4 Nbd7 11. e4 Re8 12. Nd2 b6 13. Nc4 Ne5 14. Nxe5 Rxe5 15. f4 Re8 16. Re1 Ra7 17.
Bd2 Ng4 18. Bf3 h5 19. Kg2 Bd4 20. Ne2 Bxb2 21. Rb1 Bg7 22. Qb3 b5 23. Nc3 b4 24.
Nd1 Rae7 25. Nb2 Bd4 26. Nc4 Nf2 27. Qc2 Bh3+ 28. Kg1 Nxe4+ 29. Be3 Bg7 30. Rbd1 Bf5 31. Qb3 Nc3 32. Rd2 Bd7 33. a5 Bb5 34. Nb6 Rxe3 0-1

[Event "*** SCC Grand Prix: Titled Tuesday Blitz"]
[Site "Chess.com"]
[Date "2020.08.11"]
[Round "9"]
[White "pedromartinez91"]
[Black "JoliyRoger"]
[Result "0-1"]
[WhiteElo "2565"]
[BlackElo "2367"]
[TimeControl "180+1"]
[EndTime "11:45:37 PDT"]
[Termination "JoliyRoger won by resignation"]

1. e4 c6 2. Qe2 d5 3. d3 e6 4. Nd2 b6 5. Ngf3 Ba6 6. b3 Nf6 7. Bb2 Be7 8. e5 Nfd7 9. h4 c5 10.
h5 Nc6 11. h6 g6 12. O-O-O Qc7 13. Re1 b5 14. Qe3 Qa5 15. Kb1 Nb4 16. a3 Nc6 17. c4 bxc4 18. dxc4 dxc4 19. Bxc4 O-O 20. Qd3 Bxc4 21. Nxc4 Qc7 22. Rd1 Rfd8 23. Qc3 Rab8 24. Ka2 Nb6 25. Nd6 Nd5 26. Rxd5 exd5 27. e6 f6 28. Nf7 Rdc8 29. Nh4 d4 30. Qd3 Qa5 31. Kb1 c4 32. Qe4 f5 33. Qf4 Rxb3 34. Nxg6 Rxb2+ 35. Kxb2 Qxa3+ 36. Kc2 Qd3+ 37. Kb2 Rb8+ 38. Ka2 Qb3+ 0-1

[Event "*** SCC Grand Prix: Titled Tuesday Blitz"]
[Site "Chess.com"]
[Date "2020.08.11"]
[Round "9"]
[White "ZverevLev"]
[Black "Nafania1"]
[Result "1/2-1/2"]
[WhiteElo "2326"]
[BlackElo "2460"]
[TimeControl "180+1"]
[EndTime "11:45:37 PDT"]
[Termination "Game drawn - insufficient material"]

1. e4 e6 2. d4 d5 3. Nc3 h6 4. Nf3 Nf6 5. e5 Ne4 6. Bd3 Bb4 7. O-O Nxc3 8. bxc3 Bxc3 9. Rb1 Nc6 10. Ba3 a5 11.
Bb5 Bd7 12. Bxc6 Bxc6 13. Rb3 Bb4 14. Bxb4 axb4 15. Rxb4 Rxa2 16. Qb1 Qa8 17. Nd2 O-O 18. f4 b6 19. f5 exf5 20. Rb2 Rxb2 21. Qxb2 Bd7 22.
Qc3 Qc6 23. Qxc6 Bxc6 24. Rxf5 Ra8 25. Rf1 Ra2 26. Rc1 Ba4 27. Nb3 Rb2 28. Kf1 Kf8 29. g4 Ke7 30. h4 Kd7 31. Na1 Rb4 32. c3 Rb2 33. g5 hxg5 34. hxg5 Bb5+ 35. Kg1 Bd3 36. Rd1 Be4 37. Re1 Ke6 38. c4 c6 39.
Kf1 Kf5 40. cxd5 cxd5 41. Rc1 Kf4 42. Rc7 Rb1+ 43. Kf2 Rxa1 44. Rxf7+ Kxg5 45. Rxg7+ Kf5 46. Rf7+ Ke6 47. Rf6+ Ke7 48. Rxb6 Ra4 49. Ke3 Ra3+ 50. Ke2 Rd3 51. Rb7+ Ke6 52. Rb6+ Kd7 53. Rd6+ Ke7 54. Rxd5 Rh3 55. Ra5 Ke6 56. Ra6+ Kf5 57. Rf6+ Kg5 58.
Rf8 Bd5 59. Rd8 Bf3+ 60. Kf2 Bg4 61. d5 Kf5 62. e6 Kf6 63. Rf8+ Ke7 64. Rf7+ Ke8 65.
Rg7 Bf5 66. Rg5 Bxe6 67. dxe6 Ke7 68. Kg2 Re3 69. Rg6 Rxe6 70. Rxe6+ Kxe6 1/2-1/2